cohdb
Replays
Latest Replays
All Replays
Popular Replays
Top Player Replays
Match Explorer
How It Works
Community
CoH3 Stats
Reddit
Sign in to upload your games and track your stats! →
Sign in with Steam
Match 41583174
Unlisted
Match 41583174
Overview
Messages
Build Orders
End
Vickers Machine Gun Team
Construct Section Command Post
Infantry Section
ML 3-inch Mortar Team
Grenade Package
Infantry Section
Construct Platoon Command Post
Construct Platoon Command Post
CMP 15cwt Truck
Unlock Bishop Self-propelled Artillery
Forward Retreat Point
6-pounder Anti-tank Gun Team
Selects Canadian Shock Battlegroup
Selects Offensive Resupply
Selects Canadian Shock Section
Selects Burnout
Selects Pyrotechnics
Canadian Shock Section
freetime00
HAK
stevaf
The101stAirBorne ITA
BamboneWertherone ITA
Capibimbambombolilalone ITA
0
0
Comments
sign in to comment!
No comments posted yet!